AoeStats
← kirbygus

Arabia

507908251Analyzed
3v3 RM · 13d ago on Sep 20, 2026· 48m 53s· 6 players
Game mode
Random Map
Map size
Normal (6 player)
Population
200
Speed
Normal
Resources
Standard
Victory
Conquest
Starting age
Dark Age
Ending age
Imperial Age
RankedLock teamsTeams togetherTeam positionsShared explorationLock speedFull tech treeHidden civsTurbo modeCheats
Victory
Defeat
🇨🇴 Koreans · Colombia
953
+10
🇵🇪 Bohemians · Peru
922
+28
🇲🇽 Slavs · Mexico
912
+11
🇲🇽 Spanish · Mexico
880
-13
🇲🇽 Huns · Mexico
790
-10
🇲🇽 Mongols · Mexico
766
-9
fabianguerra07
10:26 Feudal Age
13:28 Loom
20:54 Castle Age
21:13 Padded Archer Armor
21:04 Fletching
22:15 Forging
26:26 Scale Mail Armor
28:53 Fletching
30:25 Bloodlines
33:20 Leather Archer Armor
33:01 Bodkin Arrow
35:38 Elite Skirmisher
40:55 Scale Barding Armor
46:26 Husbandry
kirbygus
10:22 Feudal Age
12:59 Double-Bit Axe
12:55 Horse Collar
16:44 Man-at-Arms
19:30 Castle Age
26:11 Husbandry
26:24 Bloodlines
28:34 Loom
Jorgexld
1:07 Loom
10:44 Feudal Age
12:20 Double-Bit Axe
12:51 Horse Collar
14:33 Wheelbarrow
21:47 Castle Age
22:57 Bow Saw
22:52 Heavy Plow
23:15 Stone Mining
23:18 Gold Mining
23:59 Scale Barding Armor
23:55 Scale Mail Armor
24:06 Forging
26:48 Hand Cart
29:55 Stone Shaft Mining
29:29 Padded Archer Armor
29:20 Fletching
30:27 Inquisition
32:11 Light Cavalry
33:01 Bloodlines
32:54 Husbandry
33:33 Iron Casting
33:14 Chain Mail Armor
38:17 Imperial Age
38:15 Chain Barding Armor
42:11 Plate Mail Armor
42:42 Blast Furnace
42:17 Plate Barding Armor
41:07 Hussar
Carrillo
11:45 Feudal Age
15:25 Bloodlines
22:22 Scale Barding Armor
25:06 Castle Age
23:01 Loom
23:36 Double-Bit Axe
23:33 Horse Collar
24:25 Gold Mining
24:25 Stone Mining
26:37 Bow Saw
27:56 Heavy Plow
29:39 Elite Skirmisher
33:53 Gold Shaft Mining
36:53 Imperial Age
38:08 Padded Archer Armor
37:59 Fletching
39:19 Two-Man Saw
38:19 Elite Boyar
39:31 Ballistics
40:35 Squires
39:57 Pikeman
41:19 Town Watch
42:12 Wheelbarrow
41:15 Halberdier
46:16 Man-at-Arms
48:13 Crop Rotation
MKNT | MSP
7:21 Loom
10:18 Feudal Age
10:55 Double-Bit Axe
21:08 Fletching
25:10 Castle Age
23:49 Scale Mail Armor
24:02 Gold Mining
25:18 Crossbowman
26:04 Bodkin Arrow
29:00 Wheelbarrow
34:15 Hand Cart
36:33 Ballistics
39:18 Imperial Age
38:53 Thumb Ring
39:55 Masonry
39:51 Town Watch
39:52 Arbalester
44:11 Chemistry
46:03 Bow Saw
47:51 Spies/Treason
MANISHPER
2:46 Loom
12:32 Feudal Age
21:05 Castle Age
21:11 Horse Collar
21:22 Double-Bit Axe
22:15 Fletching
23:36 Crossbowman
28:49 Bodkin Arrow
30:18 Wheelbarrow
29:54 Elite Skirmisher
30:59 Ballistics
36:51 Imperial Age
34:28 Padded Archer Armor
35:31 Chemistry
36:41 Hand Cart
40:21 Pikeman
41:51 Bracer
42:29 Halberdier
47:45 Capped Ram
48:53 Conscription
48:33 Town Watch
Connection lost

Rejoining the realm…

Still unreachable

The connection could not be restored.

Session expired

The server has moved on; the page needs a fresh start.